Map: Troizinia LE

Players

EFWOW

  • Race: Terran Terran
  • Spawn Location: 9:00

HELLAS

  • Race: Protoss Protoss
  • Spawn Location: 12:00

screamstream

  • Race: Terran Terran
  • Spawn Location: 11:00

Waterboy

  • Race: Zerg Zerg
  • Spawn Location: 11:00

rayhellos

  • Race: Zerg Zerg
  • Spawn Location: 5:00

Infamous

  • Race: Protoss Protoss
  • League: Gold
  • Spawn Location: 6:00

WhiteEagle

  • Race: Protoss Protoss
  • Spawn Location: 3:00

Boyskiller

  • Race: Terran Terran
  • Spawn Location: 5:00

VOD

Have the link to the VOD?

Description

Time

  • Played on: April 14, 2018, 3:19 p.m.
  • Length: 22:04
Show
View Real Time Build Order
Export as new Build Order

EFWOW Terran 

Build Orders: MMM Bio 

Get SALT Encoding   

  12  1:50  Supply Depot  
  12  1:55  Refinery  
  12  1:57  Refinery  
  12  2:05  SCV  
  13  2:08  Command Center  
  13  2:14  Barracks  
  13  2:17  SCV  
  14  2:29  SCV  
  15  2:38  Barracks  
  15  2:41  SCV  
  16  2:53  SCV  
  17  3:05  SCV  
  18  3:17  SCV  
  19  3:21  Engineering Bay  
  19  3:25  Barracks Tech Lab  
  19  3:27  Barracks Reactor  
  19  3:28  Engineering Bay  
  19  3:29  SCV x2  
  21  3:41  SCV x2  
  21  3:48  Stimpack  
  23  3:53  SCV x2  
  23  3:54  Supply Depot  
  25  4:04  Supply Depot  
  25  4:06  SCV  
  26  4:18  SCV  
  26  4:20  Terran Infantry Weapons Level 1  
  26  4:21  Terran Infantry Armor Level 1  
  27  4:30  SCV  
  28  4:32  Barracks  
  28  4:40  Orbital Command  
  28  4:42  SCV  
  29  4:54  SCV  
  29  4:58  Factory  
  30  5:06  SCV  
  31  5:21  Barracks  
  31  5:25  Orbital Command  
  31  5:36  Barracks Reactor  
  31  5:39  SCV  
  32  5:49  Combat Shields  
  32  5:51  Missile Turret, SCV  
  32  5:53  Missile Turret  
  33  6:14  Hi-Sec Auto Tracking  
  33  6:23  Barracks Reactor  
  33  6:24  Supply Depot  
  33  6:38  SCV  
  34  6:43  Refinery  
  34  6:47  Refinery  
  34  6:49  SCV  
  34  6:50  SCV  
  36  6:56  Supply Depot  
  36  7:01  SCV  
  37  7:05  Marine x2  
  37  7:06  Marine x3  
  42  7:10  Marine x2  
  44  7:16  Armory  
  44  7:23  Marine x3  
  44  7:24  Marine x2  
  44  7:28  Marine x2  
  51  7:34  Supply Depot  
  51  7:41  Marine x4  
  55  7:52  Marine  
  55  7:53  Marine x2  
  58  7:59  Marine x4  
  62  8:07  Barracks  
  62  8:10  Marine x2  
  62  8:11  Marine  
  65  8:16  Marine  
  65  8:17  Marine x3, Terran Infantry Weapons Level 2  
  65  8:18  Terran Infantry Armor Level 2  
  69  8:28  Marine x3  
  72  8:34  Marine x2, Barracks  
  72  8:35  Marine x2  
  76  8:46  Marine x2  
  78  8:49  Starport  
  78  8:56  Starport, Barracks Reactor  
  78  9:33  Barracks  
  78  9:36  Barracks Reactor  
  78  10:15  Command Center  
  78  10:18  Marine  
  78  10:19  Marine  
  80  10:25  Supply Depot  
  80  10:29  Barracks Reactor  
  80  10:34  Terran Infantry Weapons Level 3  
  80  10:35  Terran Infantry Armor Level 3  
  80  10:45  Marine x6  
  80  10:47  Marine x5  
  80  10:49  Supply Depot  
  91  11:02  Marine x2  
  91  11:03  Marine  
  94  11:10  Marine x8  
  102  11:14  Supply Depot  
  102  11:16  Supply Depot  
  102  11:26  Marine x3  
  102  11:28  Marine x8  
  102  11:29  SCV  
  114  11:41  SCV  
  114  11:44  Marine x4  
  114  11:45  Marine  
  114  11:46  Marine x8  
  128  11:50  Supply Depot x2  
  128  11:53  SCV  
  129  12:02  Marine x4  
  129  12:05  Starport Reactor  
  133  12:11  Marine x7  
  133  12:12  Starport Reactor  
  133  12:14  Supply Depot  
  140  12:19  Marine  
  140  12:20  Supply Depot  
  99  12:37  Supply Depot  
  92  13:27  Orbital Command  
  92  13:30  Marine x4  
  92  13:31  Marine x9  
  105  13:48  Marine x6  
  105  13:49  Marine x7  
  118  14:06  Marine x8  
  118  14:07  Marine x5  
  131  14:24  Marine x9  
  131  14:25  Marine x4  
  131  14:26  Medivac x4  
  152  14:42  Marine x6  
  158  14:47  Marine x2  
  158  14:48  Marine x5  
  165  14:56  Medivac x4  
  173  15:49  Marine  
  173  15:52  Marine x4, Medivac x2  
  181  15:58  Marine x4  
  181  15:59  Marine x4, Medivac  
  181  16:00  Medivac  
  140  16:07  Marine  
  140  16:10  Marine x4  
  117  16:16  Marine x5  
  117  16:17  Marine x3  
  122  16:22  Medivac x2  
  122  16:25  Marine  
  126  16:28  Marine x2  
  126  16:29  Medivac  
  126  16:30  Medivac  
  132  16:34  Marine x2  
  132  16:35  Marine x8  
  142  16:43  Marine  
  142  16:46  Marine x2  
  145  16:52  Marine x3  
  145  16:53  Marine x7  
  155  17:01  Marine  
  156  17:04  Marine x2  
  158  17:10  Marine x4  
  158  17:11  Marine x6  
  158  17:14  Refinery  
  168  17:18  Marine, Refinery  
  168  17:21  Marine x2  
  171  17:28  Marine x7  
  171  17:29  Marine x3  
  181  17:43  Marine  
  181  17:46  Marine x11  
  181  17:47  Marine  
  167  17:52  SCV  
  168  18:01  Marine  
  168  18:04  Marine x11, SCV  
  181  18:18  Marine, Command Center, SCV  
  162  18:31  SCV  
  125  18:43  SCV  
  111  18:59  Marine x8  
  111  19:00  Marine  
  114  19:07  SCV  
  115  19:19  SCV  
  116  19:31  SCV  
  116  19:35  SCV  
  118  19:43  SCV  
  119  19:48  SCV  
  120  19:55  Marine x8  
  120  19:56  Marine x5, SCV  
  134  20:08  SCV  
  134  20:13  Marine x9  
  134  20:14  Marine x2  
  79  20:53  Marine x11  
  79  20:54  Marine x2  
  79  21:04  SCV  
  79  21:10  Marine  
  79  21:11  Marine x12  
  84  21:17  SCV  
  94  21:28  Marine x4  
  94  21:29  Marine x9, SCV  
  108  21:41  SCV  
Show
View Real Time Build Order
Export as new Build Order

HELLAS Protoss 

Build Orders:  

Get SALT Encoding   

  12  0:02  Probe  
  14  0:14  Probe  
  14  0:22  Pylon  
  14  0:34  Probe  
  15  0:44  Forge  
  15  0:46  Probe  
  16  0:53  Assimilator  
  16  0:58  Probe  
  17  1:07  Pylon  
  17  1:10  Probe  
  18  1:23  Probe  
  19  1:35  Probe  
  20  1:46  Nexus  
  20  1:51  Pylon  
  20  1:57  Probe  
  21  2:09  Probe  
  21  2:10  Gateway  
  22  2:26  Probe  
  22  2:28  Photon Cannon  
  23  2:34  Assimilator  
  23  2:38  Probe  
  24  2:45  Photon Cannon  
  24  2:50  Probe  
  25  3:03  Probe  
  26  3:15  Probe  
  27  3:20  Probe, Cybernetics Core  
  28  3:27  Probe  
  28  3:29  Photon Cannon  
  28  3:32  Probe  
  30  3:38  Assimilator  
  30  3:40  Probe (Chrono Boost)  
  31  3:42  Assimilator  
  31  3:44  Probe (Chrono Boost)  
  34  3:56  Probe (Chrono Boost)  
  34  3:58  Probe (Chrono Boost)  
  34  4:01  Stargate  
  34  4:03  Stargate  
  34  4:04  Probe (Chrono Boost)  
  43  5:02  Pylon  
  31  5:44  Pylon  
  22  6:14  Gateway  
  22  6:19  Photon Cannon  
  22  6:20  Photon Cannon  
  22  6:22  Photon Cannon  
  22  6:24  Pylon x2  
  21  7:14  Pylon  
  21  7:19  Pylon  
  21  7:26  Cybernetics Core  
  20  8:02  Pylon  
  20  8:07  Photon Cannon  
  19  8:31  Photon Cannon  
  19  8:32  Photon Cannon  
  19  8:35  Photon Cannon  
  19  8:47  Nexus  
  19  9:09  Nexus  
  9  9:50  Pylon  
  9  9:52  Zealot  
  9  10:19  Zealot  
  11  10:24  Probe (Chrono Boost)  
  13  10:35  Probe (Chrono Boost)  
  13  10:40  Probe (Chrono Boost)  
  14  10:46  Zealot  
  14  10:50  Probe (Chrono Boost)  
  13  11:02  Probe (Chrono Boost)  
  14  11:09  Probe (Chrono Boost)  
    14:08  Zealot  
  2  14:35  Zealot  
  4  15:02  Zealot  
  6  15:29  Zealot  
  8  15:57  Zealot  
Show
View Real Time Build Order
Export as new Build Order

screamstream Terran 

Build Orders: MMM Bio 

Get SALT Encoding   

  12  0:01  SCV  
  13  0:13  SCV  
  14  0:25  SCV  
  15  0:34  Supply Depot  
  15  0:35  Refinery  
  15  0:49  Refinery  
  15  0:55  SCV  
  15  0:56  Barracks  
  16  1:07  SCV  
  17  1:19  SCV  
  18  1:29  Supply Depot  
  18  1:33  SCV  
  19  1:45  SCV  
  20  1:52  Factory  
  20  1:57  SCV  
  20  2:00  Barracks Tech Lab  
  21  2:09  Engineering Bay  
  21  2:10  SCV  
  22  2:22  SCV  
  23  2:31  Stimpack  
  23  2:34  Marine, SCV  
  25  2:38  Factory Tech Lab  
  25  2:45  Starport  
  25  2:51  Marine  
  25  2:55  Building Armor  
  26  2:59  Orbital Command  
  26  3:20  Hellion  
  26  3:25  Medivac  
  30  3:41  Command Center  
  30  3:58  Bunker  
  30  4:09  Supply Depot  
  30  4:14  Liberator  
  30  4:30  Marauder  
  35  4:38  Terran Infantry Weapons Level 1  
  35  4:41  Combat Shields  
  35  4:51  Marine  
  36  4:59  Refinery, Planetary Fortress  
  33  5:37  Refinery  
  33  5:41  SCV  
  32  5:47  Marauder  
  34  5:51  Viking  
  34  5:53  SCV  
  37  6:00  Concussive Shells  
  37  6:01  Missile Turret  
  37  6:07  Marine  
  37  6:10  SCV  
  39  6:21  Viking  
  39  6:22  SCV  
  39  6:25  Marine  
  42  6:27  Sensor Tower  
  43  6:34  SCV  
  44  6:46  SCV  
  45  6:51  Marine  
  46  6:58  SCV  
  47  7:03  Starport Tech Lab  
  47  7:08  Marine  
  47  7:11  SCV  
  47  7:12  Supply Depot  
  49  7:20  Starport  
  49  7:21  Starport  
  49  7:26  Marine  
  49  7:27  Starport  
  50  7:34  SCV  
  50  7:35  Supply Depot  
  51  7:46  SCV  
  43  8:57  Viking x4  
  51  9:05  Terran Infantry Armor Level 1  
  51  9:09  Marine  
  52  9:12  Siege Tank  
  55  9:26  Marine  
  55  9:29  Raven  
  58  9:33  Starport Tech Lab  
  58  9:34  Starport Tech Lab x2  
  58  9:39  Command Center  
  58  9:44  Marine, Siege Tank  
  62  9:49  Liberator  
  62  9:54  Bunker  
  62  10:02  Marine  
  66  10:12  Raven  
  68  10:20  Marine  
  69  10:21  Supply Depot  
  69  10:23  SCV  
  69  10:24  Bunker  
  70  10:34  SCV  
  70  10:35  SCV  
  56  10:45  Supply Depot  
  56  10:46  SCV  
  56  10:47  SCV  
  55  10:58  SCV  
  55  10:59  SCV  
  53  11:10  SCV  
  54  11:11  SCV  
  53  11:22  SCV  
  54  11:45  Medivac x2  
  54  11:46  Medivac x2  
  62  11:58  Planetary Fortress  
  62  12:25  Missile Turret  
  50  12:45  Missile Turret  
  50  12:49  SCV  
  46  13:01  SCV  
  47  13:08  Missile Turret  
  47  13:13  SCV  
  48  13:25  SCV  
  57  13:31  Medivac x4  
  57  13:38  SCV  
  42  13:53  Marine  
  43  13:58  SCV  
  43  14:01  Medivac  
  46  14:07  Refinery  
  46  14:09  SCV  
  47  14:10  SCV, Refinery  
  47  14:11  Marine  
  49  14:21  SCV  
  49  14:23  SCV  
  51  14:29  Marine  
  52  14:33  SCV  
  52  14:35  SCV  
  54  14:41  Missile Turret  
  54  14:45  SCV  
  54  14:47  Marine, SCV  
  57  14:54  Banshee x4  
  57  14:58  SCV  
  57  14:59  SCV  
  71  15:02  Missile Turret  
  71  15:05  Marine  
  72  15:11  SCV  
  73  15:23  SCV  
  73  15:24  Missile Turret  
  73  15:35  SCV, Marauder  
  76  15:37  Banshee x4  
  80  15:47  SCV  
  81  15:56  Marauder  
  83  16:18  Marauder  
  85  16:20  Banshee x2  
  86  16:49  Supply Depot x2  
  86  16:52  Supply Depot  
  86  17:10  Banshee x2  
  86  17:11  Marauder, Banshee x2  
  100  17:32  Marauder  
  99  17:53  Banshee x2  
  96  18:54  Command Center  
  86  19:25  Command Center, Banshee x4  
  98  19:35  Cloaking Field  
  98  19:45  Hyperflight Rotors  
  98  20:07  SCV  
  99  20:08  Banshee x4  
  99  20:10  SCV  
  99  20:13  Refinery  
  112  20:19  SCV  
  113  20:22  SCV  
  114  20:31  SCV  
  114  20:33  Bunker  
  114  20:34  SCV  
  116  20:43  SCV  
  116  20:46  SCV  
  116  20:47  Planetary Fortress  
  118  20:50  Banshee x2  
  118  20:51  Banshee x2  
  118  20:55  SCV  
  131  20:58  SCV  
  131  21:03  Bunker  
Show
View Real Time Build Order
Export as new Build Order

Waterboy Zerg 

Build Orders: 3 Hatch before Pool 

Get SALT Encoding   

  12  0:03  Drone  
  13  0:08  Drone  
  14  0:18  Extractor  
  14  0:19  Drone  
  14  0:20  Extractor  
  13  0:23  Drone  
  16  0:52  Hatchery  
  15  1:10  Hatchery  
  14  1:34  Overlord  
  14  1:59  Drone x3  
  17  2:13  Drone x2  
  19  2:16  Drone  
  19  2:21  Spawning Pool  
  19  2:24  Extractor  
  19  2:25  Drone x2  
  19  2:26  Extractor  
  19  2:51  Drone x4  
  22  2:52  Drone x3  
  26  3:09  Drone x5  
  31  3:15  Queen  
  33  3:31  Queen  
  33  3:32  Extractor x2  
  33  3:52  Zergling x2  
  33  3:53  Overlord x3  
  33  3:54  Overlord x2  
  34  4:11  Queen  
  36  4:28  Zergling x4  
  36  4:29  Zergling x12  
  36  4:30  Zergling x2  
  45  4:39  Queen  
  45  4:40  Queen  
  49  4:46  Queen  
  51  5:10  Zergling x10  
  51  5:11  Zergling x6  
  57  5:56  Hatchery  
  44  7:04  Zergling x8  
  44  7:05  Zergling x4  
  45  7:39  Zergling x10  
  45  7:40  Zergling x2  
  45  8:05  Zergling x8  
  40  9:26  Zergling x6  
  40  9:27  Zergling x6  
  43  9:41  Zergling x4  
  39  11:14  Zergling x6  
  39  11:15  Zergling x12  
  48  11:31  Zergling x4  
  42  12:09  Queen x2  
  38  12:45  Queen  
  32  13:09  Zergling x10  
  32  13:10  Zergling x2  
  35  13:15  Hatchery  
  22  13:56  Drone x3  
  22  13:57  Drone x3  
  28  14:31  Queen  
  30  15:00  Drone x5  
  30  15:01  Drone  
  36  15:08  Lair  
  36  15:27  Hatchery  
  33  15:56  Zergling x12  
  39  15:57  Zergling x8  
  39  15:58  Zergling x4  
  44  16:09  Queen  
  44  16:10  Roach Warren  
  45  16:14  Queen  
  45  16:16  Queen  
  49  17:16  Drone  
  49  17:17  Drone x6  
  49  17:18  Drone x5  
  61  17:57  Spine Crawler x2  
  59  18:00  Spine Crawler  
Show
View Real Time Build Order
Export as new Build Order

rayhellos Zerg 

Build Orders: Pool Only 

Get SALT Encoding   

  12  4:05  Spawning Pool  
  11  4:36  Extractor  
  10  5:24  Queen  
  12  5:59  Queen  
  14  8:04  Lair  
  14  8:40  Overlord x2  
  14  9:12  Zergling x8  
  14  9:13  Zergling x10  
  14  9:14  Zergling x8  
  14  13:14  Zergling x6  
  14  13:15  Zergling x8  
  14  13:16  Zergling x6  
  14  13:17  Zergling x4  
  26  13:28  Zergling x4  
  26  13:29  Zergling x2  
  29  13:36  Zergling x2  
  30  14:00  Overlord x2  
  30  14:01  Overlord x2  
  30  14:20  Zergling x4  
  32  14:55  Zergling x6  
  32  14:56  Zergling x6  
  38  18:43  Zergling x4  
  38  18:44  Zergling x6  
  43  19:21  Zergling x4  
  43  19:22  Zergling x2  
  40  21:14  Zergling x2  
  40  21:15  Zergling x4  
Show
View Real Time Build Order
Export as new Build Order

Infamous Protoss 

Build Orders: 1 Gate Expand, Colossus Rush 

Get SALT Encoding   

  12  0:16  Probe  
  13  0:30  Pylon  
  13  0:31  Probe  
  14  0:43  Probe  
  15  0:54  Gateway  
  15  0:58  Probe (Chrono Boost)  
  16  1:09  Assimilator  
  17  1:12  Probe (Chrono Boost)  
  18  1:19  Probe (Chrono Boost)  
  18  1:25  Nexus  
  18  1:29  Probe  
  19  1:52  Cybernetics Core  
  19  2:05  Zealot  
  21  2:08  Probe  
  21  2:11  Assimilator  
  22  2:23  Probe  
  22  2:26  Pylon  
  23  2:34  Stalker (Chrono Boost)  
  23  2:39  Probe (Chrono Boost)  
  23  2:41  Robotics Facility  
  27  2:47  Probe (Chrono Boost)  
  27  2:54  Probe (Chrono Boost)  
  28  3:03  Warp Gate (Chrono Boost)  
  28  3:06  Stalker (Chrono Boost)  
  30  3:13  Probe x2  
  32  3:20  Assimilator  
  32  3:28  Immortal (Chrono Boost)  
  36  3:40  Probe x2  
  38  3:48  Forge  
  38  3:54  Probe  
  39  3:55  Pylon  
  39  4:06  Probe  
  39  4:07  Robotics Bay  
  40  4:10  Warp Prism (Chrono Boost)  
  40  4:15  Stalker  
  44  4:21  Probe x2  
  44  4:22  Assimilator  
  46  4:33  Protoss Ground Weapons Level 1 (Chrono Boost)  
  46  4:40  Pylon  
  46  4:45  Pylon  
  46  4:59  Probe  
  48  5:00  Probe  
  48  5:03  Colossus  
  54  5:14  Pylon  
  54  5:17  Sentry  
  54  5:20  Gateway  
  56  5:23  Gateway  
  56  5:44  Stalker  
  58  5:51  Probe x2  
  58  5:52  Gateway x2  
  58  5:54  Gateway  
  60  5:59  Photon Cannon  
  60  6:00  Photon Cannon  
  60  6:02  Shield Battery  
  60  6:03  Probe, Shield Battery  
  61  6:08  Photon Cannon  
  61  6:09  Photon Cannon  
  61  6:11  Photon Cannon  
  61  6:12  Shield Battery  
  61  6:15  Colossus  
  61  6:17  Extended Thermal Lance (Chrono Boost)  
  67  6:28  Stalker x2  
  71  6:39  Stalker  
  73  6:56  Protoss Ground Armor Level 1 (Chrono Boost)  
  73  7:03  Zealot x2  
  77  7:13  Pylon  
  77  7:18  Pylon  
  77  7:22  Pylon  
  77  7:27  Pylon  
  77  7:30  Pylon  
  77  7:31  Immortal (Chrono Boost)  
  77  7:35  Probe x2  
  83  7:37  Twilight Council  
  83  7:39  Pylon  
  83  7:42  Sentry  
  83  7:43  Zealot x3  
  83  7:44  Zealot x2  
  73  8:29  Stalker x4  
  73  8:30  Sentry x2  
  73  8:32  Colossus (Chrono Boost)  
  85  8:49  Protoss Ground Armor Level 2 (Chrono Boost), Blink  
  85  8:55  Sentry  
  87  8:56  Stalker x4  
  87  8:57  Stalker  
  97  9:21  Probe x2, Robotics Facility  
  99  9:33  Probe  
  99  9:36  Nexus  
  99  9:38  Pylon  
  100  9:41  Immortal (Chrono Boost)  
  104  9:45  Stalker  
  104  9:46  Sentry  
  104  9:47  Sentry  
  104  9:48  Zealot  
  112  10:07  Pylon  
  112  10:08  Photon Cannon  
  112  10:11  Photon Cannon  
  116  10:22  Immortal (Chrono Boost)  
  116  10:34  Templar Archives  
  102  10:48  Colossus  
  94  10:54  Colossus  
  94  11:24  Stalker x5  
  94  11:25  Stalker  
  106  11:41  Colossus  
  106  11:46  Probe x2  
  114  11:48  Probe  
  114  11:53  Psionic Storm  
  115  11:58  Probe x2  
  117  12:01  High Templar x3  
  117  12:02  High Templar x3  
  129  12:09  Colossus  
  83  13:04  Stalker x4  
  83  13:05  Stalker x2  
  89  13:08  Colossus x2  
  95  13:31  Zealot x5  
  95  13:32  Zealot  
  107  13:38  Probe, Assimilator  
  107  13:39  Probe x2  
  110  13:41  Assimilator  
  110  13:47  Protoss Ground Armor Level 3 (Chrono Boost)  
  110  13:51  Probe  
  110  13:55  Forge  
  111  13:56  Probe x2  
  111  13:59  Colossus (Chrono Boost)  
  113  14:03  Colossus (Chrono Boost)  
  125  14:14  High Templar  
  125  14:15  High Templar x2  
  131  14:17  Zealot  
  131  14:18  Zealot x2  
  137  14:28  Archon x3  
  137  14:29  Archon  
  137  14:40  High Templar x2  
  141  14:48  Probe  
  141  14:49  Probe, Protoss Ground Weapons Level 2 (Chrono Boost)  
  143  14:58  Colossus (Chrono Boost)  
  149  15:41  Stalker  
  149  15:42  Stalker x3  
  63  16:15  Stalker x2  
  63  16:16  Stalker x4  
  39  16:29  Colossus x2  
  47  17:36  Stalker x4  
  47  17:37  Stalker x2  
  53  18:02  Probe  
  53  18:03  Probe  
  55  18:05  Assimilator  
  40  18:45  Stalker x4  
  40  18:46  Stalker x2  
  44  19:10  High Templar  
  44  19:11  High Templar x4  
  54  20:11  High Templar  
  56  20:38  Nexus  
  56  20:59  Pylon  
  56  21:01  Pylon  
  56  21:04  Pylon  
  56  21:05  High Templar  
  56  21:06  Zealot x2  
  56  21:07  Zealot x3  
  68  21:14  Archon x2  
  68  21:15  Archon  
  46  21:36  High Templar  
  46  21:38  Stalker  
Show
View Real Time Build Order
Export as new Build Order

WhiteEagle Protoss 

Build Orders:  

Get SALT Encoding   

  12  0:03  Probe  
  13  0:15  Probe (Chrono Boost)  
  14  0:27  Probe (Chrono Boost)  
  15  0:29  Pylon  
  15  0:47  Probe  
  16  1:39  Gateway  
  16  1:43  Assimilator  
  16  1:47  Probe  
  17  2:01  Forge  
  17  2:05  Pylon  
  17  2:09  Pylon  
  17  2:40  Photon Cannon  
  17  2:42  Photon Cannon  
  17  2:44  Photon Cannon  
  17  2:48  Photon Cannon  
  17  2:52  Photon Cannon  
  17  3:03  Assimilator  
  17  3:29  Pylon  
  17  3:44  Pylon  
  17  3:46  Pylon  
  17  6:56  Pylon  
  17  7:01  Pylon  
  17  7:10  Photon Cannon  
  17  7:42  Photon Cannon  
  17  7:49  Photon Cannon  
  17  7:55  Photon Cannon  
  17  10:25  Cybernetics Core  
  17  10:30  Cybernetics Core  
  17  13:59  Stargate  
  17  14:01  Stargate  
  17  14:03  Stargate  
  17  14:04  Stargate  
  17  14:07  Stargate  
  17  14:10  Stargate  
  17  15:00  Fleet Beacon  
  17  15:02  Pylon  
  17  15:30  Nexus  
  17  15:38  Assimilator  
  17  16:03  Assimilator  
  17  16:14  Tempest x2  
  17  16:15  Tempest x3  
  47  18:51  Tempest x2  
  47  18:52  Tempest  
  47  21:04  Tempest x2  
  47  21:05  Tempest x2  
  71  21:16  Tempest  
  77  21:41  Pylon  
  77  21:49  Pylon  
Show
View Real Time Build Order
Export as new Build Order

Boyskiller Terran 

Build Orders: MMM Bio 

Get SALT Encoding   

  12  0:38  Supply Depot  
  12  0:43  SCV, Refinery  
  13  0:50  Supply Depot  
  13  0:55  SCV  
  14  1:08  SCV  
  15  1:20  SCV  
  15  1:21  Barracks  
  16  1:30  Engineering Bay  
  16  1:32  SCV  
  17  2:12  Barracks Reactor  
  17  2:20  Bunker  
  17  2:33  Command Center  
  17  2:34  Refinery  
  17  3:10  SCV  
  18  3:22  SCV  
  18  3:25  Barracks  
  19  3:34  SCV  
  20  3:46  SCV  
  21  3:56  Refinery  
  21  3:58  SCV  
  21  4:01  Marine x2  
  24  4:03  Factory  
  24  4:09  Hi-Sec Auto Tracking  
  24  4:19  Marine  
  25  4:34  Barracks Tech Lab  
  25  4:43  Missile Turret  
  25  4:52  Factory Tech Lab  
  25  5:04  Marine x2, Armory  
  25  5:06  Missile Turret  
  27  5:17  Siege Tank  
  30  5:22  Marine x2  
  30  5:23  Marauder  
  30  5:25  Missile Turret  
  34  5:40  Marine x2  
  36  5:52  Supply Depot  
  36  5:58  Marine  
  36  6:00  Marine, Ghost Academy  
  38  6:04  Stimpack  
  38  6:10  Orbital Command  
  38  6:16  Marine  
  38  6:17  Marine, Planetary Fortress  
  40  6:27  Supply Depot  
  40  6:33  Marine  
  40  6:35  Marine  
  40  6:38  Ghost Academy  
  42  6:51  Marine, Supply Depot  
  42  6:53  Marine  
  44  7:09  Marine  
  44  7:11  Marine  
  46  7:16  Supply Depot  
  46  7:25  SCV  
  46  7:27  Marine  
  46  7:29  Marine  
  49  7:37  SCV  
  49  7:39  Supply Depot  
  50  7:45  Marine  
  50  7:49  SCV  
  52  8:01  SCV  
  52  8:05  Combat Shields  
  53  8:19  Sensor Tower  
  53  8:43  Barracks  
  53  8:50  Supply Depot, Personal Cloaking  
  53  8:51  Nuke  
  53  8:56  Ghost  
  55  9:05  Missile Turret  
  55  9:23  Supply Depot, Concussive Shells  
  55  9:25  Ghost  
  55  9:27  Missile Turret  
  55  9:28  Marine x2  
  59  9:33  Barracks Reactor  
  59  9:46  Marine x2, SCV  
  59  9:47  Supply Depot  
  62  9:53  Ghost, Refinery  
  62  9:58  SCV  
  65  10:03  Marine  
  65  10:04  Marine  
  67  10:10  SCV  
  68  10:15  Nuke  
  68  10:16  Missile Turret  
  68  10:20  Command Center  
  68  10:22  SCV, Ghost  
  68  10:24  Refinery  
  71  10:34  SCV  
  72  10:38  Missile Turret  
  72  10:39  Supply Depot  
  68  14:19  Planetary Fortress  
  68  14:20  Refinery  
  68  14:31  Ghost  
  68  14:35  Nuke x2  
  68  14:37  Thor  
  76  14:42  Marine  
  76  14:43  Marine  
  78  14:47  Terran Infantry Armor Level 1  
  78  14:59  Ghost  
  78  15:00  Marine  
  78  15:01  Marine  
  82  15:18  Marine  
  82  15:19  Marine  
  82  15:20  Thor  
  90  15:24  Supply Depot  
  90  15:29  Missile Turret  
  90  15:36  Marine x2  
  92  15:47  Supply Depot  
  92  15:48  SCV  
  93  16:01  SCV  
  93  16:03  Thor  
  100  16:13  SCV  
  101  16:25  SCV  
  102  16:29  Marine x2  
  104  16:37  SCV  
  105  16:41  Terran Infantry Weapons Level 1  
  105  16:46  Marine, Thor  
  111  16:47  Marine  
  111  16:53  Command Center  
  113  16:56  Supply Depot  
  113  17:04  Marine  
  113  17:05  Marine  
  115  17:22  Marine  
  116  17:23  Marine  
  116  17:28  Thor  
  113  18:05  Marine  
  113  18:06  Marine  
  115  18:23  Marine x2  
  117  18:27  Refinery, Planetary Fortress  
  117  18:41  Marine x2  
  119  18:49  Command Center  
  119  18:52  Refinery  
  119  18:53  Refinery  
  119  18:59  Marine x2  
  121  19:22  Supply Depot  
  121  19:48  Marine  
  121  19:49  Marine, Supply Depot  
  123  20:00  Thor  
  123  20:06  Marine  
  123  20:07  Marine  
  131  20:16  Planetary Fortress  
  131  20:24  Marine x2  
  95  20:42  Marine x2  
  81  20:43  Thor  
  88  21:00  Marine x2  
  88  21:02  Marine x2  
  92  21:17  Marine  
  92  21:18  Marine  
  93  21:20  Marine  
  95  21:35  Marine  
  95  21:36  Marine  
Tags
 
Add a new tag
Caveats
  • Supply blocks, unpowered buildings, or Contaminate may cause inaccurate times.
  • Supply counts are checked every 10 seconds.